[Event "Titled Tuesday Blitz October 04 Early 2022"]
[White "Sadubayev, Airat"]
[Black "Tang, Andrew"]
[WhiteFideId "13713264"]
[BlackFideId "2059630"]
[WhiteElo "2215"]
[BlackElo "2581"]
[Result "0-1"]
[Round "02"]
[TimeControl "180+1"]
[Date "2022.10.04"]
[WhiteClock "0:00:02"]
[BlackClock "0:00:07"]

1. d4 d5 2. c4 e6 3. Nf3 Nf6 4. g3 dxc4 5. Bg2 Nc6 6. Qa4 Bd7 7. Qxc4 Na5 8. Qc2 Rc8 9. O-O c5 10. Nc3 b5 11. Qd1 b4 12. Nb1 Bb5 13. b3 Be7 14. Bb2 c4 15. bxc4 Nxc4 16. Bc1 O-O 17. Nbd2 Nd5 18. Nxc4 Nc3 19. Qd2 Bxc4 20. Re1 Bf6 21. a3 a5 22. axb4 axb4 23. Bb2 Qb6 24. e3 Bd5 25. Rec1 Ne4 26. Qe1 b3 27. Nd2 Nxd2 28. Qxd2 Qb7 29. Bxd5 Qxd5 30. Rxc8 Rxc8 31. Rc1 Ra8 32. Qc3 h5 33. h4 Ra2 34. Rb1 Be7 35. Qd3 f5 36. Bc1 Qf3 37. Bd2 Bb4 38. Qxb3 Rxd2 39. Qxe6+ Kh7 0-1


[Site "https://www.chess.com"]

[Event "Titled Tuesday Blitz October 04 Early 2022"]
[White "Sarana, Alexey"]
[Black "Piesik, Piotr"]
[WhiteFideId "24133795"]
[BlackFideId "1136194"]
[WhiteElo "2689"]
[BlackElo "2323"]
[Result "1-0"]
[Round "02"]
[TimeControl "180+1"]
[Date "2022.10.04"]
[WhiteClock "0:01:00"]
[BlackClock "0:01:43"]

1. c4 g6 2. Nc3 Bg7 3. d4 d6 4. e4 Nc6 5. Be3 e5 6. d5 Nd4 7. Nge2 Nxe2 8. Bxe2 h5 9. c5 Bh6 10. cxd6 Bxe3 11. dxc7 Bxf2+ 12. Kxf2 Qxc7 13. Qd2 Nf6 14. Rhf1 O-O 15. Kg1 Ne8 16. Kh1 Bd7 17. Qh6 Ng7 18. d6 Qxd6 19. Rad1 Qe6 20. Nd5 Ne8 21. Bc4 Bc6 22. Nf6+ Qxf6 23. Rxf6 Nxf6 24. Qxg6+ 1-0


[Site "https://www.chess.com"]

[Event "Titled Tuesday Blitz October 04 Early 2022"]
[White "Shubin, Kirill"]
[Black "Mihajlov, Sebastian"]
[WhiteFideId "34119962"]
[BlackFideId "1512110"]
[WhiteElo "2416"]
[BlackElo "2464"]
[Result "0-1"]
[Round "02"]
[TimeControl "180+1"]
[Date "2022.10.04"]
[WhiteClock "0:02:32"]
[BlackClock "0:02:33"]

1. e4 e6 2. d4 d5 3. Nc3 Nf6 4. Bg5 Bb4 5. e5 h6 6. Be3 Ne4 7. Qg4 g5 8. Bd3 Nxc3 9. Bd2 h5 10. Qg3 Ne4 0-1


[Site "https://www.chess.com"]

[Event "Titled Tuesday Blitz October 04 Early 2022"]
[White "Solovchuk, Oleksiy"]
[Black "Moroni, Luca Jr"]
[WhiteFideId "14115220"]
[BlackFideId "865834"]
[WhiteElo "2290"]
[BlackElo "2573"]
[Result "0-1"]
[Round "02"]
[TimeControl "180+1"]
[Date "2022.10.04"]
[WhiteClock "0:00:19"]
[BlackClock "0:01:08"]

1. c4 d6 2. Nc3 g6 3. g3 Bg7 4. Bg2 Nc6 5. Nf3 Bd7 6. d4 Qc8 7. h3 Nf6 8. d5 Nd8 9. e4 O-O 10. e5 Ne8 11. Bf4 c6 12. Qd2 cxd5 13. Nxd5 Nc6 14. exd6 Nxd6 15. Nxe7+ Nxe7 16. Bxd6 Re8 17. O-O Bxh3 18. Rae1 Bxg2 19. Kxg2 Nf5 20. c5 Qc6 21. Rxe8+ Rxe8 22. b4 Nd4 23. Qd3 a6 24. a4 g5 25. g4 h5 26. Kg3 h4+ 27. Kg2 f5 28. b5 axb5 29. axb5 Qd5 0-1


[Site "https://www.chess.com"]

[Event "Titled Tuesday Blitz October 04 Early 2022"]
[White "Svane, Rasmus"]
[Black "Kalashian, David"]
[WhiteFideId "4657101"]
[BlackFideId "13302418"]
[WhiteElo "2674"]
[BlackElo "2490"]
[Result "0-1"]
[Round "02"]
[TimeControl "180+1"]
[Date "2022.10.04"]
[WhiteClock "0:00:01"]
[BlackClock "0:00:07"]

1. Nf3 Nf6 2. g3 g6 3. Bg2 Bg7 4. O-O O-O 5. d4 d5 6. c4 c6 7. Qb3 Qb6 8. Nc3 dxc4 9. Qxc4 Bf5 10. Re1 Ne4 11. Nh4 Nd6 12. Qa4 Bxd4 13. e3 Bg7 14. Nxf5 Nxf5 15. e4 Nd4 16. e5 e6 17. Kh1 c5 18. f4 Nbc6 19. Rb1 f6 20. exf6 Bxf6 21. Ne4 Bg7 22. Be3 Rac8 23. Bg1 Rfd8 24. Ng5 Nb4 25. a3 Nd3 26. Qc4 Nxe1 27. Rxe1 Qb5 28. Qxb5 Nxb5 29. Bxb7 Rb8 30. Nxe6 Rd2 31. Nxc5 Nd4 32. Bd5+ Kh8 33. Ne4 Rdxb2 34. Ng5 h6 35. Nf7+ Kh7 36. Ne5 Nf5 37. Bf7 R8b6 38. Nd7 Rd6 39. Be6 Rdd2 40. Bxf5 gxf5 41. a4 Bd4 42. Bxd4 Rxd4 43. Nf6+ Kg6 44. Ne8 Rdd2 45. Nc7 Rxh2+ 46. Kg1 Rbg2+ 47. Kf1 Rc2 48. Kg1 Rhg2+ 49. Kh1 Rxg3 50. Nd5 Rh3+ 51. Kg1 Rd3 52. Ne7+ Kf6 53. Ng8+ Kf7 54. Nxh6+ Kg6 55. Ng8 Rg3+ 56. Kh1 Kh5 57. Nf6+ Kh4 58. Nd5 Rh3+ 59. Kg1 Rg3+ 60. Kh1 Rd3 61. Ne3 Ra2 62. Nxf5+ Kh3 63. Ne3 Kg3 64. f5 Kf3 65. Nf1 Rd5 66. Nh2+ Kg3 67. Rg1+ Kh3 68. Nf3 Rxf5 69. Ng5+ Kh4 70. Ne4 Rf4 71. Nc5 Rff2 72. Re1 Rh2+ 73. Kg1 Rag2+ 74. Kf1 Rc2 75. Re4+ Kg5 76. Kg1 Rhg2+ 77. Kf1 Rh2 78. Kg1 Rhd2 79. Re5+ Kf4 80. Re4+ Kf3 81. Re1 Rxc5 82. Rf1+ Kg3 83. Rb1 Rc3 84. Re1 Kh3 85. a5 Rg3+ 86. Kf1 Kh2 87. Re5 Rg1# 0-1


[Site "https://www.chess.com"]

[Event "Titled Tuesday Blitz October 04 Early 2022"]
[White "Timofeev, Artyom"]
[Black "Itgelt, Khuyagtsogt"]
[WhiteFideId "4140419"]
[BlackFideId "4902912"]
[WhiteElo "2579"]
[BlackElo "2084"]
[Result "1-0"]
[Round "02"]
[TimeControl "180+1"]
[Date "2022.10.04"]
[WhiteClock "0:00:42"]
[BlackClock "0:00:04"]

1. e4 e6 2. Qe2 c5 3. Nf3 Nc6 4. g3 Nge7 5. Bg2 d5 6. d3 g6 7. h4 h6 8. O-O Bg7 9. Re1 Qc7 10. Nc3 d4 11. Nb5 Qd8 12. e5 O-O 13. c4 a6 14. Na3 b5 15. Bf4 Bb7 16. cxb5 axb5 17. Nxb5 Nd5 18. Nd6 Ba6 19. a3 Rb8 20. Rac1 Qb6 21. Nd2 Qxb2 22. Bxd5 exd5 23. Rxc5 Ne7 24. e6 f6 25. Nf7 Kh7 26. Bxb8 Rxb8 27. Rc7 Rb7 28. Rxb7 Qxb7 29. Rc1 Nf5 30. Nf3 Qe7 31. g4 Nd6 32. Nxd6 Qxd6 33. e7 Bb5 34. e8=Q Bxe8 35. Qxe8 1-0


[Site "https://www.chess.com"]

[Event "Titled Tuesday Blitz October 04 Early 2022"]
[White "Vaishali, Rameshbabu"]
[Black "Bortnyk, Mykola"]
[WhiteFideId "5091756"]
[BlackFideId "14120836"]
[WhiteElo "2351"]
[BlackElo "2582"]
[Result "0-1"]
[Round "02"]
[TimeControl "180+1"]
[Date "2022.10.04"]
[WhiteClock "0:00:49"]
[BlackClock "0:01:56"]

1. e4 Nf6 2. e5 Nd5 3. c4 Nb6 4. d4 d6 5. f4 dxe5 6. fxe5 Nc6 7. Be3 Bf5 8. Nc3 e6 9. Nf3 Qd7 10. Be2 O-O-O 11. O-O Bg4 12. Ng5 Nxc4 13. Bxg4 Nxe3 14. Qf3 Qxd4 15. Nxf7 Nxg4+ 16. Kh1 Ngxe5 17. Qh3 Nxf7 18. Rxf7 Bd6 19. Re1 Kb8 20. Qxe6 a6 0-1


[Site "https://www.chess.com"]

[Event "Titled Tuesday Blitz October 04 Early 2022"]
[White "Vantika, Agrawal"]
[Black "Mitrabha, Guha"]
[WhiteFideId "25050389"]
[BlackFideId "5057000"]
[WhiteElo "2262"]
[BlackElo "2526"]
[Result "0-1"]
[Round "02"]
[TimeControl "180+1"]
[Date "2022.10.04"]
[WhiteClock "0:00:04"]
[BlackClock "0:01:12"]

1. d4 g6 2. c4 Bg7 3. e4 d6 4. Nc3 Nc6 5. Be3 f6 6. d5 Ne5 7. Be2 e6 8. f4 Nf7 9. dxe6 Bxe6 10. Nf3 Ne7 11. Nd4 Bd7 12. O-O O-O 13. Qd2 Re8 14. Rad1 f5 15. Bf3 fxe4 16. Bxe4 Rb8 17. Bf3 a6 18. Rfe1 b5 19. cxb5 axb5 20. Nd5 c5 21. Nxe7+ Rxe7 22. Nc6 Bxc6 23. Bxc6 Kh8 24. Kh1 b4 25. Bd5 Nh6 26. h3 Nf5 27. Bf2 Rxe1+ 28. Rxe1 Qf6 29. b3 Qc3 30. Qe2 Bd4 31. Bxd4+ Qxd4 32. Qe6 Rf8 33. Kh2 Qxf4+ 34. Kg1 Ng7 35. Qe3 Qf6 36. Bc4 Nf5 37. Qe4 Kg7 38. Kh2 h5 39. Qb7+ Kh6 40. Re6 Qg5 41. Qf3 h4 42. Bd3 Rf6 43. Rxf6 Qxf6 44. Qf4+ Qg5 45. Qe4 Qg3+ 46. Kg1 Qe3+ 47. Qxe3+ Nxe3 48. Kf2 Nd5 49. Be4 Nf6 50. Bd3 g5 51. Ke3 Kg7 52. Bf5 Kf7 53. Kd3 Nd5 54. Be4 Nf4+ 55. Ke3 Kf6 56. Bf3 Ke5 57. Be4 d5 58. Bf3 c4 59. bxc4 dxc4 60. Kd2 Kd4 61. Kc2 Nd3 62. Kd2 Nc5 63. Kc2 Ne4 64. Bg4 Nc3 65. Bf3 Nxa2 0-1


[Site "https://www.chess.com"]

[Event "Titled Tuesday Blitz October 04 Early 2022"]
[White "Weetik, Vjacheslav"]
[Black "Nakamura, Hikaru"]
[WhiteFideId "4153472"]
[BlackFideId "2016192"]
[WhiteElo "2469"]
[BlackElo "2909"]
[Result "0-1"]
[Round "02"]
[TimeControl "180+1"]
[Date "2022.10.04"]
[WhiteClock "0:00:11"]
[BlackClock "0:00:12"]

1. d4 f5 2. g3 g6 3. Bg2 Bg7 4. c3 d6 5. Qb3 c6 6. Nd2 Qb6 7. e4 Nf6 8. Ne2 Qxb3 9. axb3 fxe4 10. Nxe4 Be6 11. b4 Bc4 12. Nf4 Nbd7 13. Ng5 Nf8 14. Bh3 Bh6 15. Nge6 Nxe6 16. Nxe6 Bxc1 17. Rxc1 Kf7 18. Ng5+ Kg7 19. Kd2 h6 20. Ne6+ Kf7 21. Rhe1 a5 22. bxa5 Rxa5 23. Nf4 e5 24. Nd3 Rd8 25. f3 Ra2 26. Rb1 exd4 27. cxd4 b5 28. Nb4 Ra4 29. Nxc6 Rda8 30. Re7+ Kf8 31. Rc7 Bd5 32. Ne7 Bf7 33. Nc6 Bd5 34. Ne7 Bf7 35. Nc6 Ne8 36. Rd7 Bd5 37. Ne7 Bf7 38. Nc6 Rc4 39. Rc1 Rxc1 40. Kxc1 Ra4 41. b3 Bxb3 42. Kb2 Bd5 43. Ne7 Bf7 44. Nc6 Ra2+ 45. Kc3 Rxh2 46. Bf1 Rf2 47. Bxb5 Rxf3+ 48. Kb4 Rxg3 49. Nd8 Bg8 50. Ra7 Nf6 51. Ra8 Nd5+ 52. Ka5 Ra3+ 53. Ba4 Rxa4+ 54. Kxa4 Nb6+ 55. Kb5 Nxa8 56. Kc6 h5 57. Kxd6 h4 0-1


[Site "https://www.chess.com"]

[Event "Titled Tuesday Blitz October 04 Early 2022"]
[White "Zhao, Jun"]
[Black "Jobava, Baadur"]
[WhiteFideId "8602522"]
[BlackFideId "13601520"]
[WhiteElo "2547"]
[BlackElo "2582"]
[Result "0-1"]
[Round "02"]
[TimeControl "180+1"]
[Date "2022.10.04"]
[WhiteClock "0:00:01"]
[BlackClock "0:00:38"]

1. e4 e6 2. d4 d5 3. Nd2 Bd7 4. Ngf3 dxe4 5. Nxe4 Bc6 6. Ng3 Nf6 7. Bd3 Nbd7 8. O-O g6 9. c3 Bg7 10. Qe2 O-O 11. Re1 a5 12. Bg5 h6 13. Bd2 a4 14. Rad1 Bd5 15. Bb1 Re8 16. Bc1 Bxf3 17. Qxf3 c6 18. h4 h5 19. Ne4 Nxe4 20. Bxe4 Qb6 21. Bc2 Nf6 22. g3 Ng4 23. b3 axb3 24. Bxb3 Nf6 25. Kg2 Nd5 26. Bd2 Qc7 27. Rb1 b5 28. Rbc1 Qd7 29. c4 bxc4 30. Rxc4 Ra6 31. Rec1 Rea8 32. Bg5 Bf8 33. Kh2 Be7 34. Bd2 Ba3 35. R1c2 Bf8 36. Bg5 Nb4 37. Rc1 Nxa2 38. Bxa2 Rxa2 39. Be3 Qd5 40. Kg2 R8a3 41. R4c2 Rxc2 42. Rxc2 Ra6 43. Bg5 Bg7 44. Be3 Kf8 45. Rc5 Qxf3+ 46. Kxf3 Ke7 47. Rc4 Kd7 48. Rb4 Kc8 49. Bf4 Ra7 50. Rb8+ Kd7 51. Be5 Bxe5 52. dxe5 c5 53. Ke4 Kc6 54. Rc8+ Rc7 55. Ra8 Rd7 56. Rc8+ Kb5 57. Rb8+ Ka4 58. Rc8 Kb4 59. Rb8+ Kc3 60. Rc8 c4 61. f3 Kb3 62. g4 c3 63. gxh5 gxh5 64. Kf4 Rd5 65. Rc7 c2 66. Ke4 Rb5 0-1


[Site "https://www.chess.com"]

[Event "Titled Tuesday Blitz October 04 Early 2022"]
[White "Zhigalko, Sergei"]
[Black "Korelskiy, Egor"]
[WhiteFideId "13502956"]
[BlackFideId "34329064"]
[WhiteElo "2662"]
[BlackElo "2053"]
[Result "1-0"]
[Round "02"]
[TimeControl "180+1"]
[Date "2022.10.04"]
[WhiteClock "0:02:03"]
[BlackClock "0:00:54"]

1. e4 c5 2. Nf3 e6 3. c3 d5 4. e5 Nc6 5. d4 Qb6 6. a3 c4 7. Nbd2 Na5 8. Be2 Bd7 9. O-O Ne7 10. h4 h6 11. h5 O-O-O 12. Qe1 Kb8 13. Bd1 Nc8 14. Nh4 Be7 15. f4 Qc7 16. Bc2 Nb6 17. f5 Bxh4 18. Qxh4 exf5 19. Bxf5 Bxf5 20. Rxf5 Qd7 21. Qf4 Rhf8 22. e6+ Qc7 23. e7 Qxf4 24. Rxf4 Rde8 25. exf8=Q Rxf8 26. Rf1 f6 27. Nf3 Nb3 28. Bf4+ Kc8 29. Rae1 Kd7 30. Nh4 Na4 31. Rf2 b5 32. Nf5 Rf7 33. Rfe2 a5 34. Nd6 Rf8 35. Nxb5 Kc6 36. Nd6 1-0


[Site "https://www.chess.com"]

[Event "Titled Tuesday Blitz October 04 Early 2022"]
[White "Averjanov, Alexey"]
[Black "Duda, Jan-Krzysztof"]
[WhiteFideId "14109867"]
[BlackFideId "1170546"]
[WhiteElo "2767"]
[BlackElo "2779"]
[Result "0-1"]
[Round "03"]
[TimeControl "180+1"]
[Date "2022.10.04"]
[WhiteClock "0:00:42"]
[BlackClock "0:00:49"]

1. d4 Nf6 2. c4 e6 3. Nf3 b6 4. g3 Ba6 5. Nbd2 d5 6. Qc2 Be7 7. Bg2 O-O 8. O-O Nbd7 9. b3 Rc8 10. Bb2 c5 11. Rac1 dxc4 12. Nxc4 cxd4 13. Qd3 e5 14. Ng5 h6 15. Ne4 Nc5 16. Nxf6+ Bxf6 17. Qf5 Re8 18. Rfd1 Rc7 19. e3 g6 20. Qh3 Bc8 21. g4 h5 22. exd4 Bxg4 23. Qg3 Bxd1 24. Rxd1 exd4 25. Qf4 Rce7 26. Bc6 Re1+ 27. Rxe1 Rxe1+ 28. Kg2 Bg7 29. Nd6 Qf6 30. Qg3 h4 31. Qg4 Qxd6 32. Qc8+ Bf8 33. h3 Nd3 34. Qb7 Nxf2 35. Bd5 Qg3# 0-1


[Site "https://www.chess.com"]

[Event "Titled Tuesday Blitz October 04 Early 2022"]
[White "Bilych, Olexiy"]
[Black "Tin, Jingyao"]
[WhiteFideId "14156504"]
[BlackFideId "5804418"]
[WhiteElo "2320"]
[BlackElo "2462"]
[Result "1-0"]
[Round "03"]
[TimeControl "180+1"]
[Date "2022.10.04"]
[WhiteClock "0:00:18"]
[BlackClock "0:00:04"]

1. e4 e5 2. Nf3 Nc6 3. Bb5 a6 4. Ba4 Nf6 5. O-O b5 6. Bb3 Bc5 7. c3 d6 8. d4 Bb6 9. h3 h6 10. Be3 O-O 11. Nbd2 Re8 12. a4 Rb8 13. axb5 axb5 14. Re1 exd4 15. cxd4 Nb4 16. d5 Nd3 17. Re2 Nxb2 18. Qc2 Na4 19. Nd4 Bd7 20. Bxa4 bxa4 21. Nc6 Bxc6 22. dxc6 Qe7 23. Rxa4 Bxe3 24. Rxe3 Rb6 25. Ra7 Reb8 26. Qc3 Ne8 27. Nf3 Qe6 28. Kh2 Rb3 29. Qd4 R3b4 30. Qc3 Rc4 31. Qa5 Rc5 32. Qa4 g6 33. g3 Qf6 34. Kg2 Kg7 35. Ra5 Rxa5 36. Qxa5 Rb6 37. e5 dxe5 38. Nxe5 Qf5 39. Rf3 Qe4 40. Qa1 Nf6 41. Nd7 Rxc6 42. Nxf6 Qxf3+ 43. Kxf3 Rxf6+ 44. Kg2 h5 45. Qe5 c6 46. g4 hxg4 47. hxg4 g5 48. Qxg5+ Rg6 49. Qe5+ Kg8 50. f3 Rd6 51. Qxd6 1-0


[Site "https://www.chess.com"]

[Event "Titled Tuesday Blitz October 04 Early 2022"]
[White "Bortnyk, Mykola"]
[Black "Erdogdu, Mert"]
[WhiteFideId "14120836"]
[BlackFideId "6301495"]
[WhiteElo "2582"]
[BlackElo "2413"]
[Result "1/2-1/2"]
[Round "03"]
[TimeControl "180+1"]
[Date "2022.10.04"]
[WhiteClock "0:00:22"]
[BlackClock "0:00:20"]

1. e4 c5 2. c3 d5 3. exd5 Qxd5 4. d4 Nf6 5. Nf3 Bg4 6. Be2 e6 7. O-O Nc6 8. h3 Bh5 9. Be3 cxd4 10. cxd4 Be7 11. Nc3 Qd6 12. a3 O-O 13. Qb3 Rfd8 14. Rad1 Rac8 15. Rfe1 Nd5 16. Ne4 Qb8 17. Ng3 Bg6 18. h4 Na5 19. Qb5 Nxe3 20. fxe3 Qxg3 21. Qxa5 Bxh4 22. Nxh4 Qxh4 23. Bf3 Be4 24. Rf1 a6 25. Qe5 Bxf3 26. Rxf3 Rd5 27. Qf4 Qxf4 28. Rxf4 g6 29. Rd2 f5 30. e4 Rd6 31. exf5 exf5 32. g4 fxg4 33. Rxg4 h5 34. Re4 Rc7 35. Kf2 Kg7 36. Ke3 g5 37. d5 Rcd7 38. Re5 Kf6 39. Ke4 Kg6 40. Rf2 Rf6 41. Rxf6+ Kxf6 42. Re6+ Kf7 43. Rh6 h4 44. Ke5 Kg7 45. Rh5 Kg6 46. Rh8 Re7+ 47. Kd4 Re1 48. d6 Rd1+ 49. Ke5 Re1+ 50. Kd5 Rd1+ 51. Ke6 Re1+ 52. Kd5 Rd1+ 53. Ke6 Re1+ 54. Kd5 1/2-1/2


[Site "https://www.chess.com"]

[Event "Titled Tuesday Blitz October 04 Early 2022"]
[White "Bykov, Egor"]
[Black "Ivic, Velimir"]
[WhiteFideId "34115290"]
[BlackFideId "950122"]
[WhiteElo "2327"]
[BlackElo "2625"]
[Result "0-1"]
[Round "03"]
[TimeControl "180+1"]
[Date "2022.10.04"]
[WhiteClock "0:00:04"]
[BlackClock "0:00:10"]

1. e4 c5 2. Nf3 e6 3. d4 cxd4 4. Nxd4 Nf6 5. Nc3 Nc6 6. Ndb5 d6 7. Bf4 e5 8. Bg5 a6 9. Na3 b5 10. Bxf6 gxf6 11. Nd5 f5 12. exf5 Bxf5 13. Bd3 Bxd3 14. Qxd3 Bg7 15. O-O-O O-O 16. Ne3 Nd4 17. c3 Rc8 18. Kb1 b4 19. cxd4 bxa3 20. Nf5 axb2 21. Nxg7 Kxg7 22. dxe5 Qg5 23. Qxd6 Qf5+ 24. Rd3 Kg8 25. Kxb2 Qxf2+ 26. Ka1 f6 27. Rg3+ Kh8 28. exf6 Rxf6 29. Qd7 Rg8 30. Rxg8+ Kxg8 31. Rc1 Rf7 32. Qg4+ Kh8 33. Rc8+ Rf8 34. Rxf8+ Qxf8 35. Qd4+ Kg8 36. Qd5+ Kh8 37. Qe5+ Kg8 38. Qd5+ Kh8 39. Qd4+ Kg8 40. Kb2 Qb8+ 41. Kc3 Qxh2 42. Qd8+ Kg7 43. Qd7+ Kg6 44. Qg4+ Kf6 45. Kb4 h5 46. Qf3+ Kg5 47. Ka5 Qe5+ 48. Kxa6 Qe6+ 49. Kb5 Qxa2 50. Kc5 Qd2 51. Kc4 h4 52. Qe4 Qd6 53. Qe8 Kg4 54. Qg8+ Kf4 55. Qf7+ Kg3 56. Qg7+ Kh2 57. Kc3 Qg3+ 58. Qxg3+ Kxg3 59. Kd3 Kxg2 0-1


[Site "https://www.chess.com"]

[Event "Titled Tuesday Blitz October 04 Early 2022"]
[White "Goltsev, Dmitry"]
[Black "Zhigalko, Sergei"]
[WhiteFideId "24176710"]
[BlackFideId "13502956"]
[WhiteElo "2257"]
[BlackElo "2662"]
[Result "1/2-1/2"]
[Round "03"]
[TimeControl "180+1"]
[Date "2022.10.04"]
[WhiteClock "0:00:20"]
[BlackClock "0:00:11"]

1. e4 c5 2. Nf3 Nc6 3. d4 cxd4 4. Nxd4 Nf6 5. Nc3 e5 6. Nf3 Bb4 7. Bd3 d5 8. exd5 Nxd5 9. Bd2 O-O 10. O-O Bxc3 11. bxc3 h6 12. c4 Nf4 13. Bxf4 exf4 14. Be4 Qf6 15. Bxc6 Qxc6 16. Qd4 Be6 17. Qxf4 Qxc4 18. Qxc4 Bxc4 19. Rfe1 Rac8 20. Nd4 Rfd8 21. c3 Bd3 22. Rac1 Kf8 23. h3 g6 24. Red1 Bc4 25. Rd2 Rd5 26. Re1 Ra5 27. Nb3 Bxb3 28. axb3 Rxc3 29. Rd8+ Kg7 30. b4 Rb5 31. Re7 Rxb4 32. Rdd7 Rf4 33. Rxb7 a5 34. f3 Rf5 35. Ra7 h5 36. h4 Rc4 37. Re4 Rxe4 38. fxe4 Rf4 39. g3 Rf3 40. Kg2 Ra3 41. e5 Kf8 42. Kh3 a4 43. Kh2 Ra1 44. Kg2 a3 45. Kh2 a2 46. Kg2 Ke8 47. Kh2 Kd8 48. Kg2 Kc8 49. Kh2 Kb8 50. Ra3 Kb7 51. Kg2 Kc6 52. Kh2 Kd5 53. Ra5+ Ke4 54. Kg2 Ke3 55. Ra8 Kd4 56. Ra5 Kc4 57. Ra8 Kd3 58. Kh2 Re1 59. Rxa2 Re2+ 60. Rxe2 Kxe2 61. g4 hxg4 62. Kg3 Ke3 63. Kxg4 Kd4 64. e6 fxe6 65. Kg5 e5 66. Kxg6 e4 67. h5 e3 68. h6 e2 69. h7 e1=Q 70. h8=Q+ Qe5 71. Qxe5+ Kxe5 1/2-1/2


[Site "https://www.chess.com"]

[Event "Titled Tuesday Blitz October 04 Early 2022"]
[White "Goroshkov, Maksym"]
[Black "Xu, Yi"]
[WhiteFideId "14142716"]
[BlackFideId "8605564"]
[WhiteElo "2257"]
[BlackElo "2471"]
[Result "0-1"]
[Round "03"]
[TimeControl "180+1"]
[Date "2022.10.04"]
[WhiteClock "0:00:50"]
[BlackClock "0:00:42"]

1. e4 c5 2. d4 cxd4 3. c3 Nf6 4. Bd3 dxc3 5. Nxc3 d6 6. Nf3 Nc6 7. Bb5 Bd7 8. O-O g6 9. Nd5 Bg7 10. Bg5 O-O 11. Nxf6+ exf6 12. Bf4 Ne5 13. Bxd7 Qxd7 14. Bxe5 fxe5 15. Qd5 Rac8 16. Rad1 Rfd8 17. Rd2 Rc5 18. Qd3 d5 19. b4 Rb5 20. a3 d4 21. Rc2 a5 22. Rc4 axb4 23. axb4 Rb6 24. Rfc1 Rc6 25. Rc5 Rxc5 26. Rxc5 Qe7 27. h3 h6 28. Qc4 d3 29. Rc7 Qe6 30. Qxe6 fxe6 31. Nd2 Bf8 32. Rxb7 Rc8 33. Rd7 Rc1+ 34. Kh2 Bxb4 35. Rxd3 Rd1 36. Rg3 Bxd2 37. Rxg6+ Kf7 38. Rg4 h5 39. Rh4 Kg6 40. g4 Bf4+ 41. Kg2 hxg4 42. Rxg4+ Kf6 43. h4 Rd7 44. Kh3 Rg7 45. f3 Rxg4 46. fxg4 Kg6 47. Kg2 Bd2 48. Kh2 Be1 49. Kh3 Bf2 50. h5+ Kg5 51. Kg2 Be1 52. Kf3 Bd2 53. Ke2 Bc1 54. Kf3 Bf4 0-1


[Site "https://www.chess.com"]

[Event "Titled Tuesday Blitz October 04 Early 2022"]
[White "Gritsenko, Nikolai"]
[Black "Hakobyan, Aram"]
[WhiteFideId "14112493"]
[BlackFideId "13306677"]
[WhiteElo "2389"]
[BlackElo "2563"]
[Result "0-1"]
[Round "03"]
[TimeControl "180+1"]
[Date "2022.10.04"]
[WhiteClock "0:00:43"]
[BlackClock "0:00:53"]

1. b3 Nf6 2. Bb2 c5 3. c4 Nc6 4. Nf3 d6 5. e3 e5 6. d4 cxd4 7. exd4 e4 8. Nfd2 d5 9. cxd5 Nxd5 10. Bb5 Bb4 11. O-O Bf5 12. a3 Bxd2 13. Nxd2 O-O 14. Re1 Re8 15. Rc1 Rc8 16. Nf1 Qg5 17. Rc5 Bh3 18. Ne3 Nce7 19. Bxe8 Rxc5 20. g3 Rc8 21. Bb5 Nxe3 22. fxe3 Qxb5 0-1


[Site "https://www.chess.com"]

[Event "Titled Tuesday Blitz October 04 Early 2022"]
[White "Gunina, Valentina"]
[Black "Kucuksari, Kaan"]
[WhiteFideId "4167570"]
[BlackFideId "6380166"]
[WhiteElo "2376"]
[BlackElo "2382"]
[Result "0-1"]
[Round "03"]
[TimeControl "180+1"]
[Date "2022.10.04"]
[WhiteClock "0:00:16"]
[BlackClock "0:00:09"]

1. d4 d5 2. c4 c6 3. Nf3 Nf6 4. e3 e6 5. Nc3 Nbd7 6. Be2 Bd6 7. O-O O-O 8. b3 b6 9. Bb2 Bb7 10. Rc1 Qe7 11. Bd3 Rac8 12. Re1 c5 13. cxd5 exd5 14. Re2 Ne4 15. Rec2 Ndf6 16. g3 Rfe8 17. dxc5 Bxc5 18. Nh4 Nxf2 19. Rxf2 Qxe3 20. Rc2 Qg5 21. Nf5 Ng4 22. h4 Nxf2 23. Rxf2 Bxf2+ 24. Kxf2 Qf6 25. Na4 d4 26. Bxd4 Qc6 27. Ne3 Rcd8 28. Qg4 f6 29. Bc4+ Kh8 30. Nc3 Rxd4 31. Qxd4 Qf3+ 32. Kg1 Qxe3+ 33. Qxe3 Rxe3 34. Kf2 Rxc3 0-1


[Site "https://www.chess.com"]

[Event "Titled Tuesday Blitz October 04 Early 2022"]
[White "Harsh Suresh"]
[Black "Bortnyk, Olexandr"]
[WhiteFideId "45018464"]
[BlackFideId "14120828"]
[WhiteElo "2180"]
[BlackElo "2723"]
[Result "0-1"]
[Round "03"]
[TimeControl "180+1"]
[Date "2022.10.04"]
[WhiteClock "0:00:10"]
[BlackClock "0:00:33"]

1. Nf3 Nf6 2. b3 d5 3. Bb2 Bf5 4. e3 e6 5. c4 c6 6. Nc3 Bd6 7. d4 Nbd7 8. Bd3 O-O 9. O-O a6 10. a4 Re8 11. c5 Bc7 12. b4 Bxd3 13. Qxd3 e5 14. dxe5 Nxe5 15. Nxe5 Bxe5 16. Rab1 Ng4 17. h3 Qh4 18. Ne2 Bh2+ 19. Kh1 Nxf2+ 20. Rxf2 Qxf2 21. Kxh2 Rxe3 22. Qd4 f6 23. Ng1 Rae8 24. Bc3 Qg3+ 25. Kh1 Rxc3 26. b5 Re4 27. Qd2 Qd3 28. bxc6 Qxd2 29. cxb7 Re8 30. b8=Q Rxb8 31. Rxb8+ Kf7 0-1


[Site "https://www.chess.com"]

[Event "Titled Tuesday Blitz October 04 Early 2022"]
[White "Jobava, Baadur"]
[Black "Leiva, Gianmarco"]
[WhiteFideId "13601520"]
[BlackFideId "3804399"]
[WhiteElo "2582"]
[BlackElo "2285"]
[Result "1-0"]
[Round "03"]
[TimeControl "180+1"]
[Date "2022.10.04"]
[WhiteClock "0:01:58"]
[BlackClock "0:00:22"]

1. e4 c5 2. c3 Nf6 3. e5 Nd5 4. Nf3 d6 5. exd6 Qxd6 6. g3 Bg4 7. Bg2 Qe6+ 8. Kf1 Bh3 9. d4 cxd4 10. Nxd4 Qa6+ 11. Qe2 Bxg2+ 12. Kxg2 Qxe2 13. Nxe2 e6 14. Rd1 Nd7 15. c4 Nb4 16. Nbc3 Rc8 17. b3 a6 18. Bb2 Be7 19. Ne4 Nf6 20. Nd6+ Bxd6 21. Rxd6 Ne4 22. Rb6 Nd3 23. Bxg7 Rg8 24. Bd4 Rc7 25. Rd1 Ndc5 26. f3 1-0


[Site "https://www.chess.com"]

[Event "Titled Tuesday Blitz October 04 Early 2022"]
[White "Kalashian, David"]
[Black "Wong, Yinn Long"]
[WhiteFideId "13302418"]
[BlackFideId "5707684"]
[WhiteElo "2490"]
[BlackElo "2271"]
[Result "0-1"]
[Round "03"]
[TimeControl "180+1"]
[Date "2022.10.04"]
[WhiteClock "0:00:02"]
[BlackClock "0:00:03"]

1. d4 Nf6 2. c4 e6 3. Nf3 d5 4. Nc3 Bb4 5. Bg5 h6 6. Bxf6 Qxf6 7. Qa4+ Nc6 8. e3 O-O 9. Rc1 a6 10. a3 Bxc3+ 11. Rxc3 Bd7 12. cxd5 exd5 13. Qb3 Qd6 14. Bd3 Rab8 15. O-O Bg4 16. Nd2 Nd8 17. h3 Bd7 18. Nf3 f6 19. e4 Be6 20. e5 fxe5 21. Nxe5 Rf4 22. Qd1 Nf7 23. Re1 c6 24. Qd2 Rf6 25. Bb1 Rf8 26. Qc2 Bf5 27. Qb3 Bxb1 28. Rxb1 Nxe5 29. dxe5 Qxe5 30. f3 R8f7 31. Qb6 Re7 32. Rf1 Qe2 33. Rf2 Qe1+ 34. Rf1 Qe5 35. Rb3 Kh7 36. a4 Rf4 37. a5 Qd4+ 38. Qxd4 Rxd4 39. Rf2 Ra4 40. f4 Rxa5 41. f5 Ra1+ 42. Kh2 Rf7 43. g4 Re1 44. Kg3 d4 45. h4 c5 46. g5 Rd7 47. g6+ Kg8 48. Rb6 d3 49. f6 gxf6 50. Rbxf6 Ree7 51. Rd2 Kg7 52. h5 Kxf6 0-1


[Site "https://www.chess.com"]

[Event "Titled Tuesday Blitz October 04 Early 2022"]
[White "Kosakowski, Jakub"]
[Black "Baskakov, Egor"]
[WhiteFideId "1185080"]
[BlackFideId "24197866"]
[WhiteElo "2463"]
[BlackElo "2211"]
[Result "0-1"]
[Round "03"]
[TimeControl "180+1"]
[Date "2022.10.04"]
[WhiteClock "0:00:55"]
[BlackClock "0:01:15"]

1. d4 Nf6 2. Nf3 e6 3. Bg5 d5 4. e3 Be7 5. Bd3 Ne4 6. Bxe7 Qxe7 7. O-O f5 8. c4 c6 9. Nc3 O-O 10. Ne2 Bd7 11. Ne5 Be8 12. f3 Nf6 13. Rc1 Nbd7 14. cxd5 Nxe5 15. dxe5 Nxd5 16. Qd2 Rd8 17. a3 Bh5 18. Rfd1 Qc7 19. Nf4 Bf7 20. Nxd5 Rxd5 21. f4 Bh5 22. Bc4 Rxd2 23. Rxd2 Bf7 24. Rcd1 Qb6 25. Kf2 a5 26. b3 Qc5 27. a4 b5 28. axb5 cxb5 29. Be2 g5 30. g3 gxf4 31. gxf4 a4 32. bxa4 bxa4 33. Rd7 a3 34. h4 Ra8 35. Bf3 Rb8 36. h5 h6 0-1


[Site "https://www.chess.com"]